AoeStats
← PoofyCastle58

Arabian Desert

509642969Analyzed
1v1 RM · 6d ago on Sep 27, 2026· 39m 43s· 2 players
Game mode
Random Map
Map size
Tiny (2 player)
Population
200
Speed
Normal
Resources
Standard
Victory
Conquest
Starting age
Dark Age
Ending age
Imperial Age
RankedLock teamsTeams togetherTeam positionsShared explorationLock speedFull tech treeHidden civsTurbo modeCheats
Victory
Defeat
🇺🇸 Franks · United States
834
+16
🇬🇧 Franks · United Kingdom
825
-38
JackMurricane
11:35 Feudal Age
13:25 Double-Bit Axe
23:28 Castle Age
26:16 Wheelbarrow
38:30 Hand Cart
PoofyCastle58
8:01 Loom
10:25 Feudal Age
11:50 Double-Bit Axe
22:09 Castle Age
23:14 Fletching
23:41 Bow Saw
24:59 Bodkin Arrow
25:46 Wheelbarrow
26:37 Husbandry
32:46 Imperial Age
31:21 Ballistics
32:23 Padded Archer Armor
32:41 Scale Barding Armor
33:15 Hand Cart
35:26 Heavy Mounted Crossbowman
35:27 Cranequins
36:48 Padded Archer Armor
37:09 Chain Barding Armor
36:11 Cavalier
36:15 Light Cavalry
38:52 Chemistry
39:35 Ordonnance Companies
Connection lost

Rejoining the realm…

Still unreachable

The connection could not be restored.

Session expired

The server has moved on; the page needs a fresh start.